 Dungeon Crawl Stone Soup version 0.29-a0-802-g34511f41fd (webtiles) character file.

Game seed: 510699209076139927

3052 lesbiats the Ducker (level 9, -1/102 (103) HPs)
             Began as a Merfolk Monk on July 1, 2022.
             Was a Follower of Qazlal.
             Succumbed to a water moccasin's poison
             ... on level 8 of the Dungeon on July 3, 2022.
             The game lasted 01:17:41 (9982 turns).

lesbiats the Ducker (Merfolk Monk)                  Turns: 9982, Time: 01:17:41

HP:   -1/102 (103)  AC: 24    Str: 13    XL:     9   Next: 87%
MP:   9/14          EV:  2    Int: 10    God:    Qazlal [*.....]
Gold: 343           SH:  2    Dex: 18    Spells: 11/14 levels left

rFire   x . .      SeeInvis .   m - +0 short sword (venom)
rCold   + . .      Faith    .   (no shield)
rNeg    + . .      Spirit   .   (body armour currently unavailable)
rPois   +          Reflect  .   (helmet currently unavailable)
rElec   .          Harm     .   (cloak currently unavailable)
rCorr   .          Rampage  .   (gloves currently unavailable)
Will    .....      NoTele   +   (boots currently unavailable)
Stlth   +++.......              (no amulet)
HPRegen 0.27/turn               D - ring of positive energy
MPRegen 0.14/turn               Q - ring of ice

@: lethally poisoned (-1 -> -12), tree-form, lightly drained
A: stationary, stasis, torment immunity, boosted hp, (nimble swimmer 2),
(mertail)
a: Renounce Religion


You were on level 8 of the Dungeon.
You worshipped Qazlal.
Qazlal was aware of your devotion.
You were a tree.
You visited 1 branch of the dungeon, and saw 8 of its levels.

You collected 343 gold pieces.

Inventory:

Hand Weapons
 a - a +0 falchion
 d - a +0 trident
 m - a +0 short sword of venom (weapon)
 o - a +2 short sword of holy wrath
 p - a +0 flail
 t - a +0 short sword
 w - a +0 dagger
 K - a +1 hand axe of freezing
 L - a +4 mace
 M - a +0 shortbow
 X - a +0 short sword
 Z - a +4 short sword
Missiles
 i - 5 silver javelins (quivered)
 k - 10 poisoned darts
 v - 79 stones
 G - 2 boomerangs
 J - 6 silver boomerangs
 N - 4 curare-tipped darts
Armour
 b - a +0 robe (melded)
 e - a +0 ring mail
 f - a +0 robe
 j - a +0 plate armour
 l - a +0 helmet (melded)
 s - a +0 plate armour
 x - a +0 cloak (melded)
 E - a +0 scale mail
 U - a +0 ring mail
Jewellery
 D - a ring of positive energy (left branch)
 Q - a ring of ice (right branch)
Wands
 F - a wand of flame (16)
 V - a wand of paralysis (2)
 W - a wand of iceblast (10)
Scrolls
 g - a scroll of acquirement {unknown}
 h - a scroll of vulnerability {unknown}
 n - 4 scrolls of teleportation {unknown}
 q - 2 scrolls of poison {unknown}
 r - a scroll of brand weapon {unknown}
 y - 2 scrolls of blinking
 B - 3 scrolls of enchant armour
 C - a scroll of amnesia {unknown}
 R - a scroll of enchant weapon {unknown}
 S - a scroll of noise {unknown}
 T - 2 scrolls of identify
Potions
 c - a potion of ambrosia
 u - 2 potions of magic
 z - 2 potions of cancellation {unknown}
 A - 2 potions of brilliance
 H - a potion of lignification
 O - a potion of berserk rage {unknown}
 Y - a potion of haste {unknown}


   Skills:
 + Level 5.8 Fighting
 * Level 5.7(6.3) Short Blades
 - Level 3.8(5.3) Long Blades
 - Level 1.6 Polearms
 + Level 2.7 Armour
 + Level 7.0 Dodging
 + Level 5.2 Stealth
 + Level 3.3 Spellcasting
 - Level 3.0 Summonings
 + Level 2.9 Necromancy
 + Level 3.0 Translocations
 + Level 5.1 Invocations


You had 11 spell levels left.
You knew the following spells:

 Your Spells              Type           Power      Damage    Failure   Level
a - Apportation           Tloc           14%        N/A       8%          1
b - Necrotise             Necr           28%        1d5       9%          1
c - Summon Small Mammal   Summ           28%        N/A       8%          1

Your spell library contained the following spells:

 Spells                   Type           Power      Damage    Failure   Level
 Magic Dart               Conj           4%         1d3       26%         1
 Searing Ray              Conj           2%         2d4       38%         2
 Static Discharge         Conj/Air       1%         3-4/arc   38%         2
 Dispel Undead            Necr           7%         3d8       63%         4
 Summon Forest            Summ/Tloc      3%         N/A       91%         5
 Fulminant Prism          Conj/Hex       0%         3d6       95%         4
 Sticky Flame             Conj/Fire      1%         2d3       95%         4
 Summon Mana Viper        Hex/Summ       4%         N/A       99%         5
 Summon Cactus Giant      Summ           3%         N/A       100%        6


Dungeon Overview and Level Annotations

Branches:
Dungeon (8/15)
 Temple: D:4-7         Lair: D:8-11

Altars:
Elyvilon
Makhleb
Okawaru
Qazlal
Wu Jian
Zin
The Shining One

Annotations:
D:8 1 transporter, ytrimaz's ghost, novice DsBe


Innate Abilities, Weirdness & Mutations

You are a tree.
Your roots penetrate the ground, keeping you stationary.
You cannot be teleported.
You are immune to unholy pain and torment.
Your maximum health is greatly increased.
Your equipment is partially melded.
((You are very nimble when in or above water. (Stealth+, EV+, Speed+++)))
((Your lower body shifts to a powerful aquatic tail in water.))


Message History

The wight closely misses you.
You barely miss ytrimaz's ghost. Ytrimaz's ghost misses you.
Okay, then.
Okay, then.
Really quaff the potion of lignification?
Uppercase [Y]es or [N]o only, please.
Really quaff the potion of lignification?
You turn into a tree.
Your +0 cloak melds into your body.
Your +0 helmet melds into your body.
Your +0 robe melds into your body.
Your roots penetrate the ground.
The wight hits you from afar with a +2 spear of freezing!
* * * LOW HITPOINT WARNING * * *
You partially resist.
You feel drained.
* * * LOW HITPOINT WARNING * * *
The wight freezes you.
* * * LOW HITPOINT WARNING * * *
The water moccasin bites you.
* * * LOW HITPOINT WARNING * * *
You are poisoned.
The water moccasin poisons you!
Ytrimaz's ghost whispers, "Meet the emptiness of death!"
Ytrimaz's ghost hits you.
* * * LOW HITPOINT WARNING * * *
Ytrimaz's ghost freezes you.
* * * LOW HITPOINT WARNING * * *
The orc warrior hits you with a +0 mace of protection.
* * * LOW HITPOINT WARNING * * *
Aiming: Throw Flame
Press: ? - help, Shift-Dir - straight line, f - acid dragon
Aim: an acid dragon (68% to hit)
Okay, then.
Hit: m) +0 short sword (venom)
Press: ? - help, Dir - move target, f - water moccasin
Aim: a water moccasin (about 46% to evade your +0 short sword of venom)
Okay, then.
Aiming: Throw Flame
Press: ? - help, Shift-Dir - straight line, f - ytrimaz's ghost
Aim: ytrimaz's ghost, wielding a weapon of freezing (60% to hit)
The puff of flame hits ytrimaz's ghost but does no damage.
You die...

.....#.....# #...........#
.....#.....#######....#.######.##
###..............................
#............##.....###.######.#.
..#..........#...©...##.#
.#.............#####....#
....)##+####..##.©.##...#
.##..##+## .##†###.##..##
.#.......#..##.S♣ozD.##..## #
.#.........##8≈≈W≈h5{8##..####.#
#....#....##..#.###.#.≈##......#
.....#...##.....#$.#....##..#####
.....#...#$#..##...##$.#.#.......
###..# ..#©#.≈ ....#.$#.#..#####
##.# ..#$#≈ #...##.D#.#..#####
..#..# ....##)##.≈o.##)......
#.#...# ..#.###.#oh##..######


You could see an orc warrior, a water moccasin, an acid dragon, a howler monkey,
a wight, ytrimaz's ghost and a white imp.

Vanquished Creatures
  A deep elf pyromancer (D:8)
  Menkaure (D:6)
  Duvessa (D:7)
  3 water moccasins (D:5)
  An ice beast (D:5)
  2 black bears
  2 centaurs
  A bullfrog (D:7)
  3 necrophages
  3 scorpions
  Dowan (D:7)
  9 killer bees (D:8)
  A crimson imp (D:8)
  4 hounds
  2 jellies
  An orc priest (D:6)
  4 iguanas
  6 orc wizards
  4 adders
  A shadow imp (D:6)
  A white imp (D:7)
  A worm (D:1)
  3 dart slugs
  32 orcs
  8 endoplasms
  2 giant cockroaches
  5 hobgoblins
  3 quokkas
  2 ball pythons (D:2)
  4 bats
  3 frilled lizards
  6 goblins
  5 hobgoblin zombies (D:8)
  4 kobolds
  An orc skeleton (D:8)
  An orc zombie (D:8)
  4 rats
136 creatures vanquished.

Vanquished Creatures (collateral kills)
  An ice beast (D:6)
  An orc wizard (D:5)
  4 orcs
  A rat (D:2)
7 creatures vanquished.

Vanquished Creatures (others)
  3 plants (D:1)
  6 withered plants (D:1)
9 creatures vanquished.

Grand Total: 152 creatures vanquished

Notes
Turn   | Place    | Note
-------+----------+-------------------------------------------
     0 | D:1      | lesbiats the Merfolk Monk began the quest for the Orb.
     0 | D:1      | Reached XP level 1. HP: 18/18 MP: 1/1
   626 | D:1      | Reached XP level 2. HP: 24/24 MP: 2/2
   747 | D:1      | Found a faded altar of an unknown god.
   775 | D:1      | Prayed at the altar of an unknown god.
   775 | D:1      | Became a worshipper of Qazlal Stormbringer
   775 | D:1      | Reached * piety under Qazlal
   775 | D:1      | Reached ** piety under Qazlal
  1010 | D:1      | Reached *** piety under Qazlal
  1011 | D:1      | Reached skill level 1 in Polearms
  1468 | D:1      | Reached XP level 3. HP: 30/30 MP: 3/3
  1808 | D:2      | Reached skill level 1 in Invocations
  1821 | D:2      | Reached XP level 4. HP: 27/37 MP: 1/5
  1955 | D:2      | Learned a level 1 spell: Apportation
  1957 | D:2      | Learned a level 1 spell: Necrotise
  1959 | D:2      | Learned a level 1 spell: Summon Small Mammal
  2699 | D:3      | Found an ornate altar of the Wu Jian Council.
  2738 | D:3      | Reached XP level 5. HP: 37/42 MP: 6/6
  3450 | D:4      | Reached skill level 1 in Short Blades
  3450 | D:4      | Reached skill level 1 in Summonings
  3675 | D:4      | Reached skill level 1 in Armour
  3675 | D:4      | Reached XP level 6. HP: 37/48 MP: 7/7
  3915 | D:4      | You fall into a shaft and drop 3 floors!
  3919 | D:7      | Noticed a black bear
  4046 | D:6      | Noticed an ice beast
  4054 | D:6      | Killed an ice beast
  4055 | D:6      | Reached skill level 5 in Dodging
  4055 | D:6      | Reached skill level 1 in Spellcasting
  4055 | D:6      | Reached skill level 1 in Translocations
  4131 | D:6      | Reached skill level 1 in Necromancy
  4171 | D:5      | Entered Level 5 of the Dungeon
  4189 | D:5      | Reached XP level 7. HP: 40/54 MP: 0/9
  4554 | D:5      | Found a white marble altar of Elyvilon.
  4608 | D:5      | Found a stormy altar of Qazlal.
  5109 | D:5      | HP: 4/82 [poisoned by a water moccasin]
  5113 | D:5      | Reached XP level 8. HP: 2/61 MP: 5/10
  5114 | D:5      | HP: 1/91 [poisoned by a water moccasin]
  5873 | D:5      | Found a glowing silver altar of Zin.
  6252 | D:6      | Reached skill level 6 in Dodging
  6256 | D:6      | Reached skill level 5 in Fighting
  7024 | D:6      | Noticed Menkaure
  7038 | D:6      | Killed Menkaure
  7039 | D:6      | Reached XP level 9. HP: 35/68 MP: 12/12
  8025 | D:7      | Noticed Duvessa
  8026 | D:7      | Noticed Dowan
  8050 | D:7      | Killed Dowan
  8052 | D:7      | Killed Duvessa
  8917 | D:8      | Found a glowing golden altar of the Shining One.
  8979 | D:8      | Reached skill level 5 in Short Blades
  9191 | D:8      | Found a transporter.
  9229 | D:8      | Found a burning altar of Makhleb.
  9354 | D:8      | Upgraded the game from 0.29-a0-757-g358383bc75 to
                  | 0.29-a0-802-g34511f41fd
  9802 | D:8      | Found an iron altar of Okawaru.
  9844 | D:8      | Noticed ytrimaz's ghost (novice DsBe)
  9854 | D:8      | Noticed a deep elf pyromancer
  9883 | D:8      | Found a transporter.
  9926 | D:8      | Reached skill level 5 in Stealth
  9926 | D:8      | Reached skill level 5 in Invocations
  9972 | D:8      | Killed a deep elf pyromancer
  9973 | D:8      | Reached skill level 7 in Dodging
  9981 | D:8      | HP: 2/102 [orc warrior/+0 mace of protection (6)]
  9982 | D:8      | Succumbed to a water moccasin's poison

Illustrated notes

Levels and vault maps discovered:
D:1:      dpeg_arrival_brainrot, layout_basic,
          shapermc_ecumenical_altar_flowoftime
D:2:      layout_basic
D:3:      layout_basic, nzn_wu_jian_contemplation, dreamdust_princess_corridor
D:4:      layout_basic, minmay_temple_entry_sparse_star, uniq_eustachio,
          uniq_pikel
D:5:      layout_rooms, nicolae_qazlal_general_emergency, lemuel_crystal_altar,
          general_overflow_altar, ldierk_geyser
D:6:      layout_loops_ring, kennysheep_generic_room_9, uniq_menkaure
D:7:      layout_basic, uniq_duvessa
D:8:      black_bear_nest_1, layout_basic, nicolae_overflow_hidden_temple,
          nicolae_tso_besieged_by_evil, mainiacjoe_overflow_brackets,
          kennysheep_slug_shrine, nzn_ghost_randoct, uniq_amaemon

Skill      XL: |  1  2  3  4  5  6  7  8  9 |
---------------+----------------------------+-----
Polearms       | 1 |  1.6
Invocations    | 1 2 3 4 5 |  5.1
Fighting       | 4 5 |  5.8
Short Blades   | 1 2 4 5 |  5.7
Summonings     | 1 2 3 |  3.0
Armour         | 1 2 |  2.7
Dodging        | 5 6 7 |  7.0
Stealth        | 3 4 5 |  5.2
Spellcasting   | 1 2 3 |  3.3
Translocations | 1 2 3 |  3.0
Necromancy     | 1 2 |  2.9
Long Blades    | |  3.8

Action                   |  1- 3 |  4- 6 |  7- 9 || total
-------------------------+-------+-------+-------++-------
Melee: Trident           |    85 |       |       ||    85
       Short sword       |     9 |   124 |   260 ||   393
       Punch             |     1 |     3 |     2 ||     6
       Tailslap          |       |       |     4 ||     4
 Cast: Necrotise         |       |     3 |     2 ||     5
       Summon Small Mamm |       |     2 |     1 ||     3
Invok: Upheaval          |     1 |     4 |    14 ||    19
       Elemental Force   |       |     3 |       ||     3
Evoke: Wand              |       |     3 |     5 ||     8
  Use: Scroll            |       |     5 |     2 ||     7
       Potion            |       |       |    10 ||    10
 Stab: Sleeping          |     1 |       |       ||     1
Armor: Ring mail         |    10 |       |       ||    10
       Plate armour      |    27 |       |       ||    27
       Robe              |       |    23 |    73 ||    96
       Skin              |       |       |     7 ||     7
Dodge: Dodged            |    25 |    90 |   247 ||   362
Block: Other             |    13 |    20 |    45 ||    78

Table legend: (Time is in decaauts)
 A = Elapsed time spent in this place.
 B = Non-inter-level travel time spent in this place.
 C = Inter-level travel time spent in this place.
 D = Time resting spent in this place.
 E = Time spent auto-exploring this place.
 F = Levels seen in this place.
 G = Mean time per level.
                   A        B        C        D        E       F      G
               +--------+--------+--------+--------+--------+-----+--------+
         Total |   9951 |   9774 |    177 |   3853 |   2698 |   8 | 1243.9 |
       Dungeon |   9951 |   9774 |    177 |   3853 |   2698 |   8 | 1243.9 |
               +--------+--------+--------+--------+--------+-----+--------+

Top non-repeatable levels by time:
     D:5: 1940 daAuts
     D:1: 1616 daAuts
     D:7: 1446 daAuts
     D:6: 1311 daAuts
     D:8: 1212 daAuts
     D:4: 885 daAuts
     D:2: 779 daAuts
     D:3: 759 daAuts
